 Dungeon Crawl Stone Soup version 0.22.0-75-g3901e79 (webtiles) character file.

13051 Folque the Destroyer (level 12, -11/74 HPs)
             Began as an Octopode Wizard on Sept 14, 2018.
             Was an Elder of Vehumet.
             Mangled by an eight-headed hydra (14 damage)
             ... on level 1 of the Lair of Beasts.
             The game lasted 01:34:00 (13730 turns).

Folque the Destroyer (Octopode Wizard)             Turns: 13730, Time: 01:34:01

Health: -11/74     AC:  1    Str:  7    XL:     12   Next: 2%
Magic:  23/26      EV: 13    Int: 25    God:    Vehumet [****..]
Gold:   656        SH:  4    Dex: 10    Spells: 8/31 levels left

rFire    . . .     SeeInvis .   q - +3 dagger (venom)
rCold    . . .     Gourm    .   M - +0 buckler
rNeg     . . .     Faith    .   a - +0 hat
rPois    .         Spirit   .   b - amulet of magic regeneration
rElec    .         Reflect  .   l - ring of resist corrosion
rCorr    +         Harm     .   x - ring of wizardry
MR       .....                  O - ring of flight
Stlth    ++++......             (no ring)
HPRegen  0.22/turn              (no ring)
MPRegen  0.45/turn              (no ring)
                                (no ring)
                                (no ring)

@: no status effects
A: almost no armour, stealthy swim, amphibious, 8 rings, constrict 8, camouflage
1, gelatinous body 1
a: Renounce Religion, Evoke Flight


You were on level 1 of the Lair of Beasts.
You worshipped Vehumet.
Vehumet was greatly pleased with you.
You were not hungry.

You visited 3 branches of the dungeon, and saw 13 of its levels.

You collected 739 gold pieces.
You spent 83 gold pieces at shops.

Inventory:

Hand Weapons
 d - a +0 dagger
 e - a +0 short sword of venom
 i - a cursed -1 battleaxe
 o - a +0 falchion of slicing
 q - a +3 dagger of venom (weapon)
 y - a +0 halberd
 K - a +0 blowgun
Missiles
 g - 92 sling bullets
 n - 3 throwing nets
 p - 10 javelins (quivered)
 F - 6 needles of confusion
 L - 32 poisoned needles
Armour
 a - a +0 hat (worn)
 M - a +0 buckler (worn)
Jewellery
 b - an amulet of magic regeneration (around mantle)
 j - an uncursed amulet of guardian spirit
 l - a ring of resist corrosion (left tentacle)
 x - a ring of wizardry (right tentacle)
 O - a ring of flight (on tentacle)
Wands
 s - a wand of polymorph (33)
 w - a wand of scattershot (5)
 D - a wand of disintegration (20)
 G - a wand of flame (18)
 R - a wand of acid (6)
Scrolls
 h - 2 scrolls of random uselessness
 k - 5 scrolls of remove curse
 m - 3 scrolls of noise
 r - 9 scrolls of teleportation
 B - a scroll of fear {unknown}
 E - a scroll of enchant armour {unknown}
 I - a scroll of immolation {unknown}
 N - a scroll of torment
 P - a scroll of summoning {unknown}
Potions
 t - a potion of curing
 u - 2 potions of heal wounds
 v - 2 potions of lignification
 z - a potion of mutation
 A - 2 potions of invisibility
 C - a potion of agility {unknown}
 H - a potion of resistance {unknown}
 J - a potion of magic {unknown}
Miscellaneous
 Q - a phial of floods
Comestibles
 c - 19 rations
 f - 2 chunks of flesh


   Skills:
 - Level 4.0 Fighting
 - Level 2.1 Throwing
 + Level 3.0 Dodging
 - Level 7.0 Stealth
 - Level 4.0 Shields
 - Level 10.0 Spellcasting
 * Level 11.5 Conjurations
 - Level 3.2 Hexes
 - Level 1.0 Summonings
 - Level 1.0 Translocations
 - Level 4.0 Ice Magic
 - Level 1.1 Air Magic
 - Level 3.0 Earth Magic
 - Level 2.0 Poison Magic
 - Level 1.0 Evocations


You had 8 spell levels left.
You knew the following spells:

 Your Spells              Type           Power        Failure   Level  Hunger
a - Magic Dart            Conj           ####         1%          1    None
b - Call Imp              Summ           ###.....     1%          2    None
c - Blink                 Tloc           N/A          1%          2    None
d - Mephitic Cloud        Conj/Pois/Air  #####...     1%          3    None
e - Conjure Flame         Conj/Fire      #####...     1%          3    None
f - Slow                  Hex            ####....     1%          2    None
g - Searing Ray           Conj           ######       1%          2    None
h - Leda's Liquefaction   Hex/Erth       ####......   5%          4    None
i - Throw Icicle          Conj/Ice       ######..     1%          4    None

Your spell library contained the following spells:

 Spells                   Type           Power        Failure   Level  Hunger
 Ignite Poison            Fire/Tmut/Pois ###.....     1%          3    None
 Corona                   Hex            ####...      1%          1    None
 Inner Flame              Hex/Fire       ###.....     1%          3    None
 Portal Projectile        Hex/Tloc       ###...       2%          3    None
 Cause Fear               Hex            ####......   5%          4    None


Dungeon Overview and Level Annotations

Branches:
Dungeon (11/15)            Temple (1/1) D:5            Lair (1/6) D:10
    Orc: D:9-12

Altars:
Ashenzari
Cheibriados
Dithmenos
Elyvilon
Fedhas
Gozag
Hepliaklqana
Kikubaaqudgha
Makhleb
Nemelex Xobeh
Okawaru
Qazlal
Ru
Sif Muna
Trog
Uskayaw
Vehumet
Wu Jian
Xom
Yredelemnul
Zin
The Shining One
Lugonu

Shops:
D:6 :   D:9 ?([(*

Annotations:
D:7 2 transporters
D:11 Fannar, Urug


Innate Abilities, Weirdness & Mutations

You cannot wear most types of armour.
You are very stealthy in the water. (Stealth+)
You are amphibious.
You can wear up to eight rings at the same time.
You can use your tentacles to constrict eight enemies at once.
Your skin changes colour to match your surroundings (Stealth+).
Your rubbery body absorbs attacks. (AC +1, EV +1)


Message History

You blink.
A hydra and a spiny frog come into view.
You block the six-headed hydra's attack.
The six-headed hydra barely misses you.
The six-headed hydra closely misses you.
The six-headed hydra bites you!
* * * LOW HITPOINT WARNING * * *
The six-headed hydra bites you!
* * * LOW HITPOINT WARNING * * *
The six-headed hydra barely misses you.
Casting: Blink (safe; 1% risk of failure)
Confirm with . or Enter, or press ? or * to list all spells.
You blink.
A hippogriff comes into view.
The eight-headed hydra roars!
The hippogriff screeches!
The eight-headed hydra closely misses you.
The eight-headed hydra bites you.
* * * LOW HITPOINT WARNING * * *
The eight-headed hydra misses you. The eight-headed hydra bites you!
You die...

#..$ #.>. ...# #...
#H##... .....## #.D.# ..
...8 #..@#..##.... ..#
#....#.#....# ######..
#.##........# #...##..## #
#...8....##
...(.....#######........P.
..............#..8...8....
...............#..ยง....#
...............#.D.8...#
.............##.?......#


You could see an eight-headed hydra, a six-headed hydra and a hippogriff.

Vanquished Creatures
  A hydra (D:11)
  2 two-headed ogres (D:10)
  An ugly thing (D:11)
  2 centaur zombies
  A gargoyle (D:11)
  A troll (D:10)
  A merfolk (D:11)
  Prince Ribbit (D:5)
  3 hippogriffs
  6 spriggans (D:11)
  A wraith (D:10)
  3 wyverns
  9 yaks
  A hungry ghost (D:8)
  3 water moccasins
  5 sky beasts
  2 eyes of draining
  A phantom (D:5)
  3 orc warriors
  3 ice beasts
  2 black bears
  8 ogres
  8 centaurs
  A gnoll sergeant (D:9)
  10 bullfrogs
  A wyvern zombie (D:9)
  3 scorpions
  4 killer bees
  3 wights (D:5)
  7 howler monkeys
  6 crimson imps
  3 bullfrog zombies
  A quasit (D:11)
  A bullfrog skeleton (D:6)
  2 orc priests (D:4)
  2 hounds (D:5)
  3 orc wizards
  4 jellies
  3 centaur skeletons
  2 iguanas
  Terence (D:2)
  10 worker ants
  2 killer bee zombies
  A hound zombie (D:10)
  A hound skeleton (D:11)
  Robin (D:2)
  5 adders
  11 gnolls
  A howler monkey skeleton (D:7)
  2 shadow imps (D:8)
  2 oozes (D:1)
  An adder skeleton (D:7)
  An adder zombie (D:7)
  A worm (D:6)
  4 dart slugs
  3 leopard geckos
  33 orcs
  8 giant cockroaches
  10 hobgoblins
  19 jackals
  5 quokkas
  3 ball pythons
  8 bats
  4 frilled lizards
  12 goblins
  A jackal skeleton (D:7)
  A jackal zombie (D:8)
  4 kobolds
  A leopard gecko skeleton (D:2)
  A quokka skeleton (D:5)
  5 rats
  A demonic plant (Temple)
287 creatures vanquished.

Vanquished Creatures (collateral kills)
  A bullfrog (D:11)
  2 howler monkeys (D:9)
  2 hounds
  An orc wizard (D:8)
  2 adders (D:2)
  2 worms (D:2)
  2 orcs
  A bat (D:2)
  3 goblins (D:2)
  A frilled lizard (D:5)
17 creatures vanquished.

Vanquished Creatures (others)
  A killer bee (D:11)
1 creature vanquished.

Grand Total: 305 creatures vanquished

Notes
Turn   | Place    | Note
-------+----------+-------------------------------------------
     0 | D:1      | Folque the Octopode Wizard began the quest for the Orb.
     0 | D:1      | Reached XP level 1. HP: 11/11 MP: 4/4
   174 | D:1      | Reached XP level 2. HP: 16/18 MP: 1/6
   178 | D:1      | Learned a level 2 spell: Call Imp
   181 | D:1      | Learned a level 2 spell: Blink
   483 | D:1      | Reached skill level 1 in Fighting
   731 | D:1      | Reached XP level 3. HP: 19/23 MP: 8/8
   736 | D:1      | Learned a level 3 spell: Mephitic Cloud
  1102 | D:2      | Found a stormy altar of Qazlal.
  1663 | D:2      | Reached skill level 2 in Conjurations
  1675 | D:2      | Noticed Terence
  1689 | D:2      | Reached XP level 4. HP: 25/29 MP: 9/9
  1702 | D:2      | Killed Terence
  1702 | D:2      | Reached skill level 1 in Poison Magic
  1735 | D:2      | Noticed Robin
  1772 | D:2      | Killed Robin
  2216 | D:2      | Found a shimmering altar of Xom.
  2243 | D:2      | Reached XP level 5. HP: 25/34 MP: 10/10
  2897 | D:3      | Found a basalt altar of Yredelemnul.
  2897 | D:3      | Found an opulent altar of Gozag.
  2982 | D:4      | Reached skill level 1 in Air Magic
  3003 | D:4      | Found a sacrificial altar of Ru.
  3251 | D:4      | Reached XP level 6. HP: 24/39 MP: 10/12
  3268 | D:4      | Learned a level 3 spell: Conjure Flame
  3508 | D:4      | Reached skill level 1 in Throwing
  3720 | D:4      | Reached skill level 3 in Conjurations
  3924 | D:5      | Entered Level 5 of the Dungeon
  3940 | D:5      | Reached XP level 7. HP: 45/45 MP: 6/13
  3961 | D:5      | Found an ornate altar of the Wu Jian Council.
  4167 | D:5      | Found a burning altar of Makhleb.
  4181 | D:5      | Found a staircase to the Ecumenical Temple.
  4194 | D:5      | Reached skill level 5 in Stealth
  4240 | Temple   | Entered the Ecumenical Temple
  4482 | D:5      | Reached skill level 4 in Conjurations
  4669 | D:5      | Found a blossoming altar of Fedhas.
  4690 | D:5      | Reached XP level 8. HP: 15/50 MP: 2/14
  4951 | D:5      | Found a radiant altar of Vehumet.
  4988 | D:5      | Noticed Prince Ribbit
  5006 | D:5      | Killed Prince Ribbit
  5006 | D:5      | Reached skill level 5 in Spellcasting
  5006 | D:5      | Reached skill level 5 in Conjurations
  5010 | D:5      | Learned a level 2 spell: Slow
  5132 | D:5      | Became a worshipper of Vehumet
  6168 | D:5      | Reached XP level 9. HP: 55/58 MP: 2/17
  6231 | D:6      | Reached skill level 6 in Conjurations
  6244 | D:5      | Reached skill level 1 in Evocations
  6521 | D:6      | Reached * piety under Vehumet
  6521 | D:6      | Offered knowledge of Sandblast by Vehumet.
  6621 | D:6      | Found a snail-covered altar of Cheibriados.
  6646 | D:6      | Found Zayrig's Book Emporium.
  6944 | D:6      | Found an ancient bone altar of Kikubaaqudgha.
  6952 | D:6      | Found a deep blue altar of Sif Muna.
  6970 | D:6      | Found a glowing golden altar of the Shining One.
  6970 | D:6      | Found a glowing silver altar of Zin.
  6971 | D:6      | Found a white marble altar of Elyvilon.
  7247 | D:7      | Reached skill level 7 in Conjurations
  7473 | D:7      | Noticed a red ugly thing
  7476 | D:7      | Noticed a deep elf mage
  7477 | D:7      | Found a transporter.
  7477 | D:7      | Found a transporter.
  7486 | D:7      | Found an iron altar of Okawaru.
  7709 | D:7      | Reached ** piety under Vehumet
  7726 | D:7      | Offered knowledge of Searing Ray by Vehumet.
  7737 | D:7      | Reached skill level 8 in Conjurations
  7744 | D:7      | Learned a level 2 spell: Searing Ray
  7990 | D:8      | Reached skill level 1 in Hexes
  8309 | D:8      | Found a hazy altar of Hepliaklqana.
  8317 | D:8      | Reached XP level 10. HP: 48/63 MP: 14/21
  8958 | D:8      | Learned a level 4 spell: Leda's Liquefaction
  9804 | D:9      | Offered knowledge of Dazzling Spray by Vehumet.
  9901 | D:9      | Found Fygu's Magic Scroll Emporium.
  9922 | D:9      | Bought a scroll of teleportation for 48 gold pieces
  9979 | D:9      | Reached skill level 10 in Spellcasting
 10175 | D:9      | Found Losid Kiunk's Weapon Shoppe.
 10178 | D:9      | Bought a +0 blowgun for 35 gold pieces
 10333 | D:9      | Found a sparkling altar of Nemelex Xobeh.
 10355 | D:9      | Reached skill level 1 in Earth Magic
 10356 | D:9      | Found Haweaclarph's Assorted Antiques.
 10467 | D:9      | Found Palyt's Antique Weapon Boutique.
 10561 | D:9      | Found Pewnec's Armour Shoppe.
 10773 | D:10     | Entered Level 10 of the Dungeon
 10798 | D:10     | Reached *** piety under Vehumet
 10840 | D:10     | Noticed a two-headed ogre
 10848 | D:10     | Killed a two-headed ogre
 11068 | D:10     | Reached XP level 11. HP: 61/69 MP: 4/25
 11388 | D:10     | Offered knowledge of Throw Icicle by Vehumet.
 11394 | D:10     | Learned a level 4 spell: Throw Icicle
 11462 | D:10     | Reached skill level 9 in Conjurations
 11615 | D:10     | Found a staircase to the Lair.
 11640 | D:10     | Noticed a two-headed ogre
 11651 | D:10     | Killed a two-headed ogre
 11651 | D:10     | Reached skill level 1 in Ice Magic
 11962 | D:11     | Noticed a seven-headed hydra
 11964 | D:11     | Noticed a two-headed ogre
 11965 | D:11     | Noticed Urug
 12003 | D:11     | Noticed Fannar
 12498 | D:11     | Reached **** piety under Vehumet
 12659 | D:11     | Noticed a four-headed hydra
 12672 | D:11     | Reached skill level 10 in Conjurations
 12673 | D:11     | Killed a four-headed hydra
 12835 | D:11     | Offered knowledge of Ignite Poison by Vehumet.
 13160 | D:11     | Reached skill level 11 in Conjurations
 13340 | D:11     | Noticed a brown ugly thing
 13365 | D:11     | Noticed a cyan ugly thing
 13390 | D:11     | Killed a cyan ugly thing
 13580 | D:11     | Reached XP level 12. HP: 63/74 MP: 7/26
 13697 | Lair:1   | Entered Level 1 of the Lair of Beasts
 13726 | Lair:1   | Noticed a six-headed hydra
 13729 | Lair:1   | Noticed an eight-headed hydra
 13730 | Lair:1   | HP: 3/74 [eight-headed hydra (6)]
 13730 | Lair:1   | Mangled by an eight-headed hydra

Skill      XL: |  1  2  3  4  5  6  7  8  9 10 11 |
---------------+----------------------------------+-----
Fighting       | 1 2 4 |  4.0
Conjurations   | 2 3 4 5 8 11 | 11.5
Poison Magic   | 2 |  2.0
Spellcasting   | 4 5 7 10 | 10.0
Stealth        | 4 6 7 |  7.0
Air Magic      | 1 |  1.1
Throwing       | 1 2 |  2.1
Dodging        | 3 |  3.0
Evocations     | 1 |  1.0
Hexes          | 1 3 |  3.2
Earth Magic    | 2 3 |  3.0
Shields        | 2 4 |  4.0
Ice Magic      | 4 |  4.0
Summonings     | |  1.0
Translocations | |  1.0

Action                   |  1- 3 |  4- 6 |  7- 9 | 10-12 || total
-------------------------+-------+-------+-------+-------++-------
Melee: Unarmed           |    32 |       |       |       ||    32
       Constrict         |    18 |    38 |    48 |    32 ||   136
       Tentacles         |     5 |    14 |    36 |    22 ||    77
       Dagger            |    11 |   100 |   196 |   176 ||   483
       Short sword       |    24 |    25 |       |       ||    49
       Halberd           |       |       |     6 |       ||     6
Throw: Throwing net      |       |       |     1 |       ||     1
       Javelin           |       |       |     6 |     2 ||     8
 Cast: Magic Dart        |    18 |     7 |   146 |    61 ||   232
       Call Imp          |     8 |     6 |     6 |    18 ||    38
       Mephitic Cloud    |       |     7 |    19 |    27 ||    53
       Conjure Flame     |       |     2 |    21 |    39 ||    62
       Blink             |       |       |    17 |    25 ||    42
       Searing Ray       |       |       |     1 |    44 ||    45
       Throw Icicle      |       |       |       |    58 ||    58
       Slow              |       |       |       |     3 ||     3
       Leda's Liquefacti |       |       |       |     1 ||     1
Evoke: Wand              |       |       |     2 |       ||     2
  Use: Scroll            |     2 |       |     5 |     6 ||    13
       Potion            |       |       |     1 |       ||     1
 Stab: Sleeping          |     7 |    13 |     9 |     8 ||    37
       Confused          |       |     1 |     5 |     9 ||    15
  Eat: Chunk             |     3 |     7 |    12 |    15 ||    37
       Ration            |       |       |     1 |     1 ||     2
Armor: Skin              |    11 |    12 |     8 |     9 ||    40
Dodge: Dodged            |    48 |    62 |   103 |   131 ||   344
Block: Buckler           |       |       |       |    13 ||    13
